 Dungeon Crawl Stone Soup version bcrawl-1.29.2 (console) character file.

Game seed: 5534676944783094843

102830 GodsVoicemail the Conjurer (level 4, 0/30 HPs)
             Began as a Demonspawn Wizard on Feb 24, 2021.
             Slain by a worm (10 damage)
             ... on level 3 of the Dungeon.
             The game lasted 00:07:31 (2902 turns).

GodsVoicemail the Conjurer (Demonspawn Wizard)      Turns: 2902, Time: 00:07:32

Health: 0/30       AC:  2    Str: 11 (13) XL:     4   Next: 46%
Magic:  0/8        EV: 14    Int: 19 (20) God:
Gold:   116        SH:  0    Dex:  9 (11) Spells: 1/9 levels left

rFire    . . .     SeeInvis .   a - +0 staff
rCold    . . .     Gourm    .   (no shield)
rNeg     . . .     Faith    .   w - +0 robe
rPois    .         Spirit   .   c - +0 hat
rElec    .         Reflect  .   (no cloak)
rCorr    .         Harm     .   (no gloves)
MR       .....                  (no boots)
Stlth    +.........             (no amulet)
HPRegen  0.10/turn              (no ring)
MPRegen  0.11/turn              (no ring)

@: mighty
A: hooves 1, repulsion field 1, spiny 1
a: no special abilities


You were on level 3 of the Dungeon.
You were hungry.

You visited 1 branch of the dungeon, and saw 3 of its levels.

You collected 116 gold pieces.

Inventory:

Hand Weapons
 a - a +0 staff (weapon)
 b - a +0 hunting sling
Missiles
 h - 696 stones (quivered)
Armour
 c - a +0 hat (worn)
 w - a +0 robe (worn)
Scrolls
 d - a scroll of blinking {unknown}
 i - 4 scrolls of identify
 k - a scroll of teleportation {unknown}
 o - 2 scrolls of amnesia {unknown}
 p - a scroll of enchant weapon {unknown}
 q - a scroll of immolation {unknown}
Potions
 f - 2 potions of brilliance
 j - 2 potions of curing
 l - a potion of heal wounds
 m - a potion of degeneration
 r - a potion of haste {unknown}
Comestibles
 e - 3 rations {!d}
 g - 3 chunks of flesh


   Skills:
 - Level 1.7 Dodging
 - Level 2.0 Stealth
 - Level 3.0 Spellcasting
 * Level 4.4 Conjurations
 - Level 1.0 Summonings
 - Level 0.8 Translocations


You had one spell level left.
You knew the following spells:

 Your Spells              Type           Power        Failure   Level  Hunger
a - Magic Dart            Conj           ###.         2%          1    None
b - Blink                 Tloc           N/A          16%         2    #......
c - Call Imp              Summ           #.....       16%         2    #......
d - Mephitic Cloud        Conj/Pois/Air  #.......     26%         3    ####...

Your spell library contained the following spells:

 Spells                   Type           Power        Failure   Level  Hunger
 Summon Butterflies       Summ           #.......     10%         1    None
 Apportation              Tloc           #.....       11%         1    None
 Infusion                 Chrm           #.......     16%         1    None
 Sandblast                Erth           #.....       16%         1    None
 Slow                     Hex            #.......     16%         1    None
 Conjure Flame            Conj/Fire      ##......     19%         3    ####...
 Spider Form              Tmut/Pois      #..          41%         3    ####...


Dungeon Overview and Level Annotations

Branches:
Dungeon (3/12)

Altars:

Annotations:
D:2 Terence


Innate Abilities, Weirdness & Mutations

You have large cloven feet.
You are surrounded by a mild repulsion field. (EV +2)
You are partially covered in sharp spines.


Message History

Okay, then.
Unknown command.
a - a +0 staff (weapon)
The worm is struck by your spines. The worm bites you!
The worm is struck by your spines. The worm misses you.
You sock the worm! Your kick misses the worm.
The worm is severely wounded.
Casting: Magic Dart (safe; 2% risk of failure)
Confirm with . or Enter, or press ? or * to list all spells.
Aiming: Magic Dart (safe; 2% risk of failure)
Press: ? - help, Shift-Dir - straight line, f/p - worm
Aim: a worm (severely wounded)
The magic dart hits the worm.
The worm is almost dead.
The worm bites you but does no damage. The worm is struck by your spines.
You kill the worm!
You hit the worm.
The worm is heavily wounded.
The worm bites you!
You die...

#.....†....?!
#............
#............
#............
#.........#+#
#........[..
#............
######............
#@w..............
##†#########....
#.# ... #.# .. #.#
#.# #.# #)# #.#


You could see a worm.

Vanquished Creatures
  4 adders
  2 oozes
  3 worms
  A dart slug (D:1)
  3 leopard geckos
  A bat (D:2)
  3 giant cockroaches
  4 goblins
  7 hobgoblins
  2 jackals (D:2)
  A quokka (D:2)
  3 frilled lizards
  3 kobolds
  6 rats
43 creatures vanquished.

Notes
Turn   | Place    | Note
-------+----------+-------------------------------------------
     0 | D:1      | GodsVoicemail the Demonspawn Wizard began the quest for the
                  | Orb.
     0 | D:1      | Reached XP level 1. HP: 13/13 MP: 4/4
   532 | D:1      | Reached skill level 2 in Conjurations
   596 | D:1      | Gained mutation: You are partially covered in sharp spines.
                  | [demonic ancestry]
   596 | D:1      | Reached XP level 2. HP: 19/19 MP: 3/6
  1410 | D:2      | Reached skill level 3 in Conjurations
  1410 | D:2      | Gained mutation: You have large cloven feet. [demonic
                  | ancestry]
  1410 | D:2      | Reached XP level 3. HP: 24/24 MP: 1/7
  1445 | D:2      | Learned a level 2 spell: Blink
  1448 | D:2      | Learned a level 2 spell: Call Imp
  1452 | D:2      | Learned a level 3 spell: Mephitic Cloud
  1575 | D:2      | Noticed Terence
  2773 | D:3      | Reached skill level 4 in Conjurations
  2773 | D:3      | Gained mutation: You are surrounded by a mild repulsion
                  | field. (EV +2) [demonic ancestry]
  2773 | D:3      | Reached XP level 4. HP: 30/30 MP: 4/8
  2902 | D:3      | Slain by a worm

Skill      XL: |  1  2  3 |
---------------+----------+-----
Conjurations   | 2 3 4 |  4.4
Dodging        | |  1.7
Stealth        | |  2.0
Spellcasting   | |  3.0
Summonings     | |  1.0
Translocations | |  0.8

Action                   |  1- 3 |  4- 6 || total
-------------------------+-------+-------++-------
Melee: Staff             |     4 |     2 ||     6
 Fire: Hunting sling     |    16 |     1 ||    17
 Cast: Magic Dart        |   106 |    11 ||   117
       Mephitic Cloud    |       |     1 ||     1
       Call Imp          |       |     1 ||     1
  Use: Potion            |       |     4 ||     4
  Eat: Chunk             |     8 |       ||     8
Armor: Robe              |     4 |     2 ||     6
Dodge: Dodged            |    12 |     4 ||    16
